 Dungeon Crawl Stone Soup version 0.27.1-3-gb3d3a73c9e (webtiles) character file.

Game seed: 14270570298921809412

285 Findor the Sneak (level 6, -2/42 HPs)
             Began as an Octopode Brigand on Oct 27, 2021.
             Slain by a white imp (3 damage)
             ... summoned by Natasha
             ... on level 2 of the Dungeon.
             The game lasted 00:04:42 (2780 turns).

Findor the Sneak (Octopode Brigand)                 Turns: 2780, Time: 00:04:43

Health: -2/42      AC:  1    Str: 13    XL:     6   Next: 29%
Magic:  0/6        EV: 12    Int: 13    God:
Gold:   14         SH:  0    Dex: 13    Spells: 5/5 levels left

rFire    . . .     SeeInvis .   f - +1 dagger (holy)
rCold    . . .     Faith    .   (no shield)
rNeg     . . .     Spirit   +   (helmet restricted)
rPois    .         Reflect  .   h - amulet of guardian spirit
rElec    .         Harm     .   (no ring)
rCorr    .         Rampage  .   (no ring)
Will     .....                  (no ring)
Stlth    ++++......             (no ring)
HPRegen  0.14/turn              (no ring)
MPRegen  0.10/turn              (no ring)
                                (no ring)
                                (no ring)

@: no status effects
A: almost no armour, amphibious, 8 rings, camouflage 1, gelatinous body 1,
(nimble swimmer 1), tentacles
a: no special abilities


You were on level 2 of the Dungeon.
You visited 1 branch of the dungeon, and saw 2 of its levels.

You collected 134 gold pieces.
You spent 120 gold pieces at shops.


Innate Abilities, Weirdness & Mutations

You cannot wear most types of armour.
You are amphibious.
You can wear up to eight rings at the same time.
Your skin changes colour to match your surroundings (Stealth+).
Your rubbery body absorbs attacks. (AC +1, EV +1)
((You are camouflaged near water. (Stealth+)))
You have tentacles for arms and can constrict up to eight enemies at once.


   Skills:
 + Level 3.2 Fighting
 * Level 5.2 Short Blades
 - Level 2.0 Throwing
 - Level 1.0 Dodging
 + Level 6.5 Stealth


You had 5 spell levels left.
You didn't know any spells.
Your spell library was empty.

Inventory:

Hand Weapons
 a - a +2 dagger
 f - a +1 dagger of holy wrath (weapon)
   (You bought it in a shop on level 2 of the Dungeon)
Missiles
 b - 8 poisoned darts (quivered)
 c - 2 curare-tipped darts
Jewellery
 h - an amulet of guardian spirit (around mantle)
   (You found it on level 1 of the Dungeon)
Scrolls
 d - a scroll of amnesia {unknown}
 e - a scroll of vulnerability {unknown}
 i - a scroll of noise {unknown}
 j - 2 scrolls of identify {unknown}
 k - 2 scrolls of teleportation {unknown}


Message History

* * * LOW HITPOINT WARNING * * *
You hit Natasha but do no damage. You constrict Natasha.
Natasha barely misses you.
You hit Natasha but do no damage. You constrict Natasha.
Natasha zaps a wand.
The puff of flame hits you!
* * * LOW HITPOINT WARNING * * *
Unknown command.
You hit Natasha.
You constrict Natasha, but do no damage.
You hit Natasha but do no damage. You constrict Natasha.
You kill Natasha!
Natasha screams in pain as she dies!
You start resting.
You start resting.
You see here 24 sling bullets.
Done exploring.
Done exploring.
Done exploring.
No monsters, items or features are visible.
Unknown command.
Level map cleared.
There is an open door here.
Natasha, Servant of Life and Death comes into view.
She is carrying a wand of flame (15).
Natasha hisses angrily.
Natasha casts a spell.
Natasha casts a spell at you. The magic dart hits you.
The white imp gestures at you. The puff of frost hits you!
You closely miss the white imp. Your grab misses the white imp.
You squeeze the white imp.
Natasha zaps a wand.
The puff of flame misses you.
Unknown command.
Natasha mumbles some strange words.
Natasha glows brightly for a moment.
You miss Natasha. You grab Natasha.
You constrict Natasha, but do no damage.
The white imp hits you. The white imp freezes you. Natasha barely misses you.
You hit Natasha. You constrict Natasha. The white imp gestures at you.
The puff of frost hits you!
* * * LOW HITPOINT WARNING * * *
You barely miss Natasha. You squeeze Natasha. You constrict Natasha.
Natasha zaps a wand.
The puff of flame hits you!
* * * LOW HITPOINT WARNING * * *
The white imp hits you.
You die...

,,,,,**,,,*,*,,,*,,,*,*****,,,***
,******,,,*,#...,...*.# *,,,,,,
,* *,..#.*......##.** *,,,*** ,*
**,..#.,........,[****,,,*** †*
*,,.....,......,,..,**,,,*,*
,*****,,..#..##.#..##.#*,*,,,,,,,
,,,,,,,,,.............#*,*,,,,,,,
,,,,,,,,..##....h.....#,,,,,,<,,,
,,,,,,,,.......5@###..##.***,,***
,*****,*,#...##..........,,,,,***
,*****,*.........##......,,,,*,,,
,,,,,,,,...####......###*,****,**
,*****,**,,* #..###.#***,,,,,,,,
,,,,,,,,,,,**##..# *,,,,,,****,**
,,,,........,#...# *,****,* *,*,
,,,,,...#..#.#..#########,****,*,
*#####>.#..#.#..#........,,,,*,*,


You could see Natasha and a white imp (summoned).

Vanquished Creatures
  Sigmund (D:2)
  Natasha (twice) (D:2)
  5 adders
  2 dart slugs (D:1)
  4 endoplasms
  3 giant cockroaches (D:1)
  3 goblins
  4 hobgoblins
  3 jackals
  3 quokkas
  6 ball pythons
  5 bats
  A frilled lizard (D:1)
  4 kobolds
  8 rats
54 creatures vanquished.

Notes
Turn   | Place    | Note
-------+----------+-------------------------------------------
     0 | D:1      | Findor the Octopode Brigand began the quest for the Orb.
     0 | D:1      | Reached XP level 1. HP: 14/14 MP: 1/1
    66 | D:1      | Reached XP level 2. HP: 15/19 MP: 2/2
   250 | D:1      | Reached skill level 3 in Short Blades
   280 | D:1      | Found a faded altar of an unknown god.
   490 | D:1      | Reached XP level 3. HP: 24/24 MP: 3/3
  1014 | D:2      | Noticed Natasha
  1248 | D:2      | Reached XP level 4. HP: 29/29 MP: 4/4
  1600 | D:2      | Noticed Sigmund
  1606 | D:2      | Killed Sigmund
  1607 | D:2      | Reached skill level 3 in Fighting
  1607 | D:2      | Reached skill level 6 in Stealth
  1607 | D:2      | Reached XP level 5. HP: 36/36 MP: 5/5
  1907 | D:2      | Found Voleesh's Antique Weapon Shop.
  1912 | D:2      | Bought a glowing dagger for 120 gold pieces
  1928 | D:2      | Reached XP level 6. HP: 28/42 MP: 6/6
  2330 | D:2      | Killed Natasha
  2331 | D:2      | Noticed Natasha
  2341 | D:2      | HP: 7/42 [Natasha/puff of flame (8)]
  2343 | D:2      | Killed Natasha
  2772 | D:2      | Noticed Natasha
  2780 | D:2      | HP: 1/42 [Natasha/puff of flame (11)]
  2780 | D:2      | Slain by a white imp

Levels and vault maps discovered:
D:1:      dpeg_arrival_simpleton_b, layout_loops_ring,
          hellmonk_ecumenical_altar_prayer_group
D:2:      layout_basic, serial_shops, nicolae_shop_waterfront, uniq_sigmund,
          uniq_natasha

Action                   |  1- 3 |  4- 6 || total
-------------------------+-------+-------++-------
Melee: Dagger            |    60 |    49 ||   109
       Tentacles         |    13 |     7 ||    20
       Constrict         |    14 |     8 ||    22
Throw: Dart              |       |     2 ||     2
  Use: Potion            |       |     2 ||     2
 Stab: Sleeping          |    17 |     4 ||    21
Armor: Skin              |     5 |       ||     5
Dodge: Dodged            |    20 |    15 ||    35
